 Dungeon Crawl Stone Soup version 0.31.0-9-g3a7656b989 (webtiles) character file.

Game seed: 11571294658865426450

184 Eitelfritz the Chopper (level 5, 0/47 HPs)
             Began as a Hill Orc Fighter on Jan 26, 2024.
             Incinerated by a bombardier beetle (4 damage)
             ... with a burning spray
             ... on level 4 of the Dungeon.
             The game lasted 00:04:54 (2143 turns).

Eitelfritz the Chopper (Hill Orc Fighter)           Turns: 2143, Time: 00:04:54

Health: 0/47       AC:  9    Str: 21    XL:     5   Next: 63%
Magic:  5/5        EV:  9    Int:  8    God:
Gold:   219        SH:  4    Dex: 10    Spells: 4/4 levels left

rFire   . . .        a - +0 war axe
rCold   . . .        c - +0 buckler
rNeg    + . .        m - +0 scale mail
rPois   .            (no helmet)
rElec   .            (no cloak)
rCorr   .            (no gloves)
SInv    .            i - +1 pair of boots
Will    .....        (no amulet) Stlth
                     s - ring of positive energy
HPRegen 0.27/turn    r - ring of flight
MPRegen 0.09/turn

%: no passive effects
@: on fire, flying, glowing
A: no striking features
a: no special abilities


You were on level 4 of the Dungeon.
You visited 1 branch of the dungeon, and saw 4 of its levels.

You collected 219 gold pieces.

Inventory:

Hand Weapons
 a - a +0 war axe (weapon)
 b - a +0 sling
 f - a +0 flail
Missiles
 g - 5 poisoned darts (quivered)
 t - 6 javelins
Armour
 c - a +0 buckler (worn)
 i - a +1 pair of boots (worn)
 l - a +0 chain mail
 m - a +0 scale mail (worn)
 o - a +0 plate armour
Jewellery
 r - a ring of flight (right hand)
 s - a ring of positive energy (left hand)
Scrolls
 p - a scroll of amnesia
Potions
 d - a potion of might
 e - 3 potions of curing
 h - a potion of mutation {unknown}
 n - a potion of heal wounds {unknown}


   Skills:
 + Level 4.7 Fighting
 + Level 4.9 Axes
 + Level 4.3 Armour
 + Level 0.6 Dodging
 + Level 3.8 Shields


You had 4 spell levels left.
You didn't know any spells.
Your spell library contained the following spells:

 Spells                   Type           Power      Damage    Failure   Level
 Inner Flame              Hex/Fire       0%         N/A       99%         3
 Irradiate                Conj/Alch      0%         3d11      100%        5
 Ignition                 Fire           0%         3d3       100%        8


Dungeon Overview and Level Annotations

Branches:
Dungeon (4/15)
 Temple: D:4-7

Altars:
Trog


Message History

The sleepcap is almost destroyed.
You barely miss the bombardier beetle.
You block the bombardier beetle's attack.
The sleepcap releases spores at you.
You are engulfed in a cloud of soporific spores!
You are unaffected.
You hit the sleepcap.
You destroy the sleepcap!
You hit the bombardier beetle.
The bombardier beetle sprays incendiary fluid at you.
The burning spray hits you.
You are covered in liquid fire!
Your Armour skill increases to level 4!
You slash the bombardier beetle!
The bombardier beetle is heavily wounded.
The liquid fire burns you!
The bombardier beetle bites you but does no damage.
You hit the bombardier beetle.
The bombardier beetle is severely wounded.
The liquid fire burns you!
You barely miss the bombardier beetle.
The bombardier beetle is severely wounded.
The liquid fire burns you!
* * * LOW HITPOINT WARNING * * *
The bombardier beetle sprays incendiary fluid at you.
The burning spray hits you.
You are even more covered in liquid fire!
You slash the bombardier beetle!
You kill the bombardier beetle!
The liquid fire burns you!
* * * LOW HITPOINT WARNING * * *
A jackal comes into view.
You shake off some of the fire as you move.
The liquid fire burns you!
* * * LOW HITPOINT WARNING * * *
The jackal barks!
Unknown command.
You shake off some of the fire as you move.
The liquid fire burns you!
You die...

#. ##.. ##...#
#.....#############
..................#
..................##
....?.............<#
.............##....##
....$...@.########..##
..?........# #.†..#
............# #....##
...#...###.$.##....##
.. #..# #......### .
#..# #....# .... #...#
...h. #.... .... ...


You could see a jackal.

Vanquished Creatures
  A bombardier beetle (D:4)
  A sleepcap (D:4)
  Terence (D:2)
  2 adders
  5 ribbon worms
  2 dart slugs
  3 endoplasms
  2 giant cockroaches
  9 goblins
  3 hobgoblins (D:1)
  6 jackals (D:2)
  6 kobolds
  2 quokkas
  11 ball pythons
  4 bats
  5 frilled lizards
  6 rats
69 creatures vanquished.

Notes
Turn   | Place    | Note
-------+----------+-------------------------------------------
     0 | D:1      | Eitelfritz the Hill Orc Fighter began the quest for the
                  | Orb.
     0 | D:1      | Reached XP level 1. HP: 19/19 MP: 1/1
   149 | D:1      | Reached XP level 2. HP: 22/27 MP: 2/2
   470 | D:1      | Reached XP level 3. HP: 33/33 MP: 3/3
   792 | D:2      | Noticed Terence
   805 | D:2      | Killed Terence
   806 | D:2      | Reached XP level 4. HP: 24/40 MP: 4/4
  1420 | D:3      | Found a bloodstained altar of Trog.
  1628 | D:3      | Reached XP level 5. HP: 46/46 MP: 5/5
  2143 | D:4      | Incinerated by a bombardier beetle

Illustrated notes

Levels and vault maps discovered:
D:1:      lemuel_arrival_rhombus, layout_loops_ring, minmay_distorted
D:2:      layout_basic, uniq_terence
D:3:      layout_loops_ring, trog_three_pillars_becter, minmay_puff
D:4:      layout_layer_cave

Skill      XL: |  1  2  3  4  5 |
---------------+----------------+-----
Axes           | 3 4 |  4.9
Fighting       | 4 |  4.7
Armour         | 4 |  4.3
Dodging        | |  0.6
Shields        | |  3.8

Action                     |  1- 3 |  4- 6 || total
---------------------------+-------+-------++-------
  Melee: War axe           |    88 |   136 ||   224
    Use: Scroll            |       |     6 ||     6
 Armour: Scale mail        |    66 |    88 ||   154
  Dodge: Dodged            |    46 |    67 ||   113
  Block: Buckler           |    21 |    41 ||    62
